 Dungeon Crawl Stone Soup version 0.28-b1-1-g3c77fb2ed1 (webtiles) character file.

Game seed: 7513295024612541709

2694 LustLizard the Cleaver (level 9, -39/78 HPs)
             Began as a Minotaur Berserker on Jan 30, 2022.
             Was a Priest of Trog.
             Annihilated by an enormous slime creature (57 damage)
             ... on level 7 of the Dungeon.
             The game lasted 00:16:05 (5291 turns).

LustLizard the Cleaver (Minotaur Berserker)         Turns: 5291, Time: 00:16:06

Health: -39/78     AC: 12    Str: 26    XL:     9   Next: 38%
Magic:  8/8        EV: 15    Int:  6    God:    Trog [***...]
Gold:   330        SH:  0    Dex: 10    Spells: 8/8 levels left

rFire   . . .      SeeInvis .   K - +9 great sword of Ciefeall {vorpal, Str+2 Stlth+}
rCold   . . .      Faith    .   (shield currently unavailable)
rNeg    . . .      Spirit   .   f - +0 plate armour
rPois   .          Reflect  .   (helmet restricted)
rElec   .          Harm     .   g - +0 cloak
rCorr   .          Rampage  .   (no gloves)
Will    .....                   (no boots)
Stlth   ..........              (no amulet)
HPRegen 0.23/turn               k - +4 ring of evasion
MPRegen 0.11/turn               B - +4 ring of evasion

@: on berserk cooldown, hasted and slowed
A: horns 2, retaliatory headbutt
a: Renounce Religion, Berserk, Trog's Hand


You were on level 7 of the Dungeon.
You worshipped Trog.
Trog was most pleased with you.
You visited 1 branch of the dungeon, and saw 7 of its levels.

You collected 330 gold pieces.

Inventory:

Hand Weapons
 a - a +0 hand axe
 y - a +2 vampiric hand axe
 F - a +3 battleaxe of freezing
 J - a +0 war axe
 K - the +9 great sword of Ciefeall (weapon) {vorpal, Str+2 Stlth+}
   (You found it on level 7 of the Dungeon)

   It inflicts extra damage upon your enemies.
   Str:       It affects your strength (+2).
   Stlth:     It makes you more stealthy.
Missiles
 c - 76 stones (quivered)
 i - 33 poisoned darts
Armour
 b - a +0 animal skin
 d - a +0 leather armour
 f - a +0 plate armour (worn)
 g - a +0 cloak (worn)
Jewellery
 k - a +4 ring of evasion (left hand)
 u - a ring of protection from fire
 z - an amulet of magic regeneration
 B - a +4 ring of evasion (right hand)
Wands
 A - a wand of flame (23)
 C - a wand of mindburst (12)
Scrolls
 j - a scroll of fog {unknown}
 n - 3 scrolls of fear
 o - 3 scrolls of teleportation
 r - a scroll of enchant armour {unknown}
 t - 3 scrolls of noise
 v - 4 scrolls of magic mapping
 D - a scroll of summoning {unknown}
 E - a scroll of enchant weapon {unknown}
 H - a scroll of immolation {unknown}
 I - a scroll of holy word {unknown}
 L - a scroll of vulnerability {unknown}
Potions
 e - a potion of brilliance {unknown}
 h - a potion of attraction
 l - 2 potions of might
 m - a potion of haste
 p - 5 potions of curing
 q - 2 potions of ambrosia {unknown}
 s - a potion of resistance {unknown}
 w - a potion of flight {unknown}
 x - a potion of heal wounds {unknown}
 G - a potion of lignification {unknown}


   Skills:
 - Level 6.8 Fighting
 * Level 6.1 Long Blades
 - Level 9.0 Axes
 - Level 6.6 Throwing
 - Level 2.4 Armour
 - Level 2.1 Dodging
 - Level 4.0 Evocations


You had 8 spell levels left.
You didn't know any spells.
Your spell library was empty.

Dungeon Overview and Level Annotations

Branches:
Dungeon (7/15)             Temple (0/1) D:5

Altars:
Ashenzari
Dithmenos
Gozag
Kikubaaqudgha
Nemelex Xobeh
Ru
Yredelemnul

Annotations:
D:4 3 runed translucent doors, cayde69's ghost, amateur GnHu


Innate Abilities, Weirdness & Mutations

You have a pair of horns on your head.
You reflexively headbutt those who attack you in melee.


Message History

3 slime creatures come into view.
The slime creature quivers. x2
Two slime creatures merge to form a large slime creature.
The slime creature quivers.
The slime creature quivers.
You slice the large slime creature!!
The large slime creature is moderately wounded.
The large slime creature hits you!!!
Two slime creatures merge to form a very large slime creature.
Two slime creatures merge to form an enormous slime creature.
Items here: ( )) ††.
Things that are here:
a +0 whip; a +6 short sword of flaming; a kobold corpse Two slime creatures merge to form an enormous slime creature.
An ogre comes into view. It is wielding a +0 giant club.
The ogre shouts!
You closely miss the ogre. The ogre hits you with a +0 giant club!
You slash the ogre! Your headbutt misses the ogre.
The ogre is heavily wounded.
The ogre closely misses you.
A red film seems to cover your vision as you go berserk!
You feel yourself moving faster!
You feel mighty! The enormous slime creature hits you!!
* * * LOW HITPOINT WARNING * * *
The ogre barely misses you.
You slice the ogre!!
You kill the ogre!
Trog accepts your kill. The enormous slime creature misses you.
Your Long Blades skill increases to level 6!
You see here a +0 giant club.
You feel a strong urge to attack something.
You feel your anger nearly subside.
You are no longer berserk.
You are exhausted.
You feel yourself slow down.
You feel yourself speed up.
The enormous slime creature barely misses you.
The enormous slime creature hits you!!!
Ouch! That really hurt!
You die...

#.<#### *,****.######.....##.
#..# *,* *,* #.#...... #..####
*,* *,##**##.#.#.... #.....# *,*
*,..,,.....#...# #.###.# *,*
*#.#**##.#....## #.# #.# *,* #.#
#.#...... #.# #.# *,* #.#
#.##...##
#.###.#######.#####.#####.###.###
#...............@J........#......
#####.############J.#####*#.#.###
#.######### #..# #†#.#
#.........# #..#######.#.#
#######...## #.........>#.#
########.....#####..........#
#.............# #.#)########
#.######.....## #.#.# *,* ##...##
#.#.#


You could see an enormous slime creature and a slime creature.

Vanquished Creatures
  Sigmund (D:5)
  A vampire (D:7)
  Edmund (D:5)
  A water moccasin (D:6)
  A sky beast (D:5)
  3 necrophages
  2 ice beasts (D:7)
  A black bear (D:5)
  3 ogres
  A phantom (D:4)
  2 kobold brigands (D:7)
  A scorpion (D:5)
  A water moccasin zombie (D:5)
  A wyvern zombie (D:4)
  A wyvern skeleton (D:7)
  3 wights (D:4)
  A bullfrog zombie (D:7)
  5 hounds
  A jelly (D:4)
  4 orc priests
  3 iguanas
  5 orc wizards
  A killer bee zombie (D:6)
  A howler monkey skeleton (D:5)
  5 adders
  A white imp (D:6)
  An adder skeleton (D:5)
  A dart slug (D:2)
  24 orcs
  6 bats
  5 endoplasms
  2 giant cockroaches
  5 goblins
  9 hobgoblins
  4 quokkas
  5 ball pythons
  3 frilled lizards
  17 kobolds
  12 rats
145 creatures vanquished.

Notes
Turn   | Place    | Note
-------+----------+-------------------------------------------
     0 | D:1      | LustLizard the Minotaur Berserker began the quest for the
                  | Orb.
     0 | D:1      | Reached XP level 1. HP: 19/19 MP: 0/0
   223 | D:1      | Reached XP level 2. HP: 27/27 MP: 1/1
   246 | D:1      | Reached skill level 4 in Axes
   246 | D:1      | Reached skill level 1 in Throwing
   647 | D:1      | Found a faded altar of an unknown god.
   716 | D:2      | Reached XP level 3. HP: 23/33 MP: 2/2
   945 | D:2      | Reached ** piety under Trog
  1572 | D:3      | Reached XP level 4. HP: 40/40 MP: 3/3
  1625 | D:3      | Found a broken altar of Ashenzari.
  1628 | D:3      | Found a shadowy altar of Dithmenos.
  1628 | D:3      | Found a basalt altar of Yredelemnul.
  1629 | D:3      | Found an ancient bone altar of Kikubaaqudgha.
  1629 | D:3      | Found an opulent altar of Gozag.
  1900 | D:4      | Reached skill level 5 in Axes
  2015 | D:4      | Noticed a phantom
  2021 | D:4      | Killed a phantom
  2022 | D:4      | Reached XP level 5. HP: 47/47 MP: 4/4
  2152 | D:4      | Found a runed translucent gate.
  2152 | D:4      | Found a runed translucent gate.
  2157 | D:4      | Found a runed translucent gate.
  2157 | D:4      | Noticed a black bear
  2157 | D:4      | Noticed cayde69's ghost (amateur GnHu)
  2158 | D:4      | Noticed a hornet
  2325 | D:4      | Found a sparkling altar of Nemelex Xobeh.
  2414 | D:4      | Reached XP level 6. HP: 55/55 MP: 5/5
  2421 | D:4      | Reached skill level 5 in Fighting
  2421 | D:4      | Reached skill level 6 in Axes
  2684 | D:4      | Reached XP level 7. HP: 36/61 MP: 6/6
  3052 | D:5      | Entered Level 5 of the Dungeon
  3344 | D:5      | Found a sacrificial altar of Ru.
  3365 | D:5      | Noticed Edmund
  3380 | D:5      | Killed Edmund
  3381 | D:5      | Reached skill level 7 in Axes
  3381 | D:5      | Reached skill level 1 in Evocations
  3465 | D:5      | Reached skill level 5 in Throwing
  3531 | D:5      | Noticed Sigmund
  3566 | D:5      | Killed Sigmund
  3567 | D:5      | Reached XP level 8. HP: 70/70 MP: 7/7
  3615 | D:5      | Found a staircase to the Ecumenical Temple.
  3648 | D:5      | Reached skill level 8 in Axes
  4018 | D:6      | Reached *** piety under Trog
  4734 | D:7      | Noticed a slime creature
  4734 | D:7      | Noticed a slime creature
  4734 | D:7      | Noticed a slime creature
  4907 | D:7      | Reached skill level 9 in Axes
  4907 | D:7      | Reached XP level 9. HP: 78/78 MP: 8/8
  4940 | D:7      | Identified the +9 great sword of Ciefeall {vorpal, Str+2
                  | Stlth+}
  4976 | D:7      | Reached skill level 1 in Long Blades
  5157 | D:7      | Reached skill level 5 in Long Blades
  5291 | D:7      | Annihilated by an enormous slime creature

Illustrated notes

Levels and vault maps discovered:
D:1:      erik_arrival_orb_chamber, layout_rooms,
          shapermc_ecumenical_altar_petra
D:2:      layout_loops_ring
D:3:      layout_rooms, grunt_temple_overflow_open
D:4:      layout_loops_ring, nemelex_dance_club_becter, gammafunk_ghost_split
D:5:      layout_loops_ring, lemuel_coloured_pillars_altar,
          minmay_temple_entry_large_hall, uniq_edmund, uniq_sigmund
D:6:      layout_rooms, solitary_fountain
D:7:      layout_loops_ring, nrook_mini_backslash

Skill      XL: |  1  2  3  4  5  6  7  8  9 |
---------------+----------------------------+-----
Axes           | 4 5 6 7 9 |  9.0
Throwing       | 1 2 3 4 5 6 |  6.6
Fighting       | 4 5 6 |  6.8
Evocations     | 2 4 |  4.0
Long Blades    | 6 |  6.1
Armour         | |  2.4
Dodging        | |  2.1

Action                   |  1- 3 |  4- 6 |  7- 9 || total
-------------------------+-------+-------+-------++-------
Melee: Hand axe          |    82 |    75 |   192 ||   349
       Headbutt          |     9 |     9 |    28 ||    46
       Punch             |       |     1 |     2 ||     3
       Great sword       |       |       |    28 ||    28
Throw: Stone             |     1 |    39 |    72 ||   112
       Dart              |       |       |     7 ||     7
Invok: Trog's Hand       |       |     1 |     2 ||     3
       Berserk           |       |       |     1 ||     1
  Use: Scroll            |       |       |     8 ||     8
       Potion            |       |       |     1 ||     1
Armor: Animal skin       |     7 |       |       ||     7
       Plate armour      |    26 |    29 |    63 ||   118
       Leather armour    |     3 |       |       ||     3
Dodge: Dodged            |    35 |    46 |   109 ||   190
